 Dungeon Crawl Stone Soup version 0.22.1-2-g9c5b331 (webtiles) character file.

452 Goblin1989 the Ducker (level 7, -9/56 HPs)
             Began as a Gnoll Gladiator on Dec 7, 2018.
             Was a Believer of Okawaru.
             Mangled by Duvessa
             ... wielding a +4 short sword of speed
              (17 damage)
             ... on level 4 of the Dungeon.
             The game lasted 00:05:43 (2732 turns).

Goblin1989 the Ducker (Gnoll Gladiator)             Turns: 2732, Time: 00:05:44

Health: -9/56      AC:  6    Str: 17    XL:     7   Next: 4%
Magic:  8/10       EV: 20    Int: 12    God:    Okawaru [**....]
Gold:   166        SH:  0    Dex: 16    Spells: 10/10 levels left

rFire    . . .     SeeInvis .   a - +0 war axe
rCold    . . .     Gourm    .   (no shield)
rNeg     . . .     Faith    .   b - +0 leather armour
rPois    .         Spirit   .   c - +0 helmet
rElec    .         Reflect  .   (no cloak)
rCorr    .         Harm     .   (no gloves)
MR       .....                  I - +0 pair of boots
Stlth    +++.......             (no amulet)
HPRegen  0.18/turn              (no ring)
MPRegen  0.12/turn              (no ring)

@: lethally poisoned (-9 -> -20), heroism
A: distributed training, fangs 1, strong nose
a: Heroism, Renounce Religion


You were on level 4 of the Dungeon.
You worshipped Okawaru.
Okawaru was pleased with you.
You were very hungry.

You visited 1 branch of the dungeon, and saw 4 of its levels.

You collected 166 gold pieces.

Inventory:

Hand Weapons
 a - a +0 war axe (weapon)
 F - a +2 dagger of holy wrath
Missiles
 z - 2 javelins {@Q2}
 N - 83 stones {@Q3}
 O - 29 arrows
 Z - a throwing net (quivered) {!d , @Q1}
Armour
 b - a +0 leather armour (worn)
 c - a +0 helmet (worn)
 A - a +0 plate armour
 I - a +0 pair of boots (worn)
 L - a +0 scale mail
Jewellery
 Y - an uncursed ring of ice
Scrolls
 E - a scroll of magic mapping {unknown}
 J - a scroll of amnesia {unknown}
 K - a scroll of immolation {unknown}
 Q - a scroll of fog {unknown}
 S - 2 scrolls of enchant weapon {unknown}
 T - 3 scrolls of identify {unknown}
 W - 4 scrolls of teleportation {unknown}
 X - a scroll of remove curse {unknown}
Potions
 B - a potion of ambrosia {unknown}
 C - a potion of berserk rage {unknown}
 D - a potion of experience {unknown}
 G - 2 potions of might {unknown}
 H - a potion of cancellation {unknown}
 M - a potion of haste {unknown}
 U - 4 potions of curing {unknown}
 V - a potion of resistance {@q6}
Comestibles
 e - 10 rations


   Skills:
 + Level 5.1(10.1) Fighting
 + Level 2.2(7.2) Short Blades
 + Level 2.2(7.2) Long Blades
 + Level 6.9(11.9) Axes
 + Level 2.2(7.2) Maces & Flails
 + Level 2.2(7.2) Polearms
 + Level 2.2(7.2) Staves
 + Level 2.2(7.2) Slings
 + Level 2.2(7.2) Bows
 + Level 2.2(7.2) Crossbows
 + Level 5.1(10.1) Throwing
 + Level 2.2(7.2) Armour
 + Level 6.9(11.9) Dodging
 + Level 2.2(7.2) Stealth
 + Level 2.2(7.2) Shields
 + Level 2.2(7.2) Unarmed Combat
 + Level 2.2 Spellcasting
 + Level 1.7 Conjurations
 + Level 1.7 Hexes
 + Level 1.7 Charms
 + Level 1.7 Summonings
 + Level 1.7 Necromancy
 + Level 1.7 Translocations
 + Level 1.7 Transmutations
 + Level 1.7 Fire Magic
 + Level 1.7 Ice Magic
 + Level 1.7 Air Magic
 + Level 1.7 Earth Magic
 + Level 1.7 Poison Magic
 + Level 2.4 Invocations
 + Level 2.2 Evocations


You had 10 spell levels left.
You didn't know any spells.
Your spell library contained the following spells:

 Spells                   Type           Power        Failure   Level  Hunger
 Flame Tongue             Conj/Fire      #....        16%         1    ##.....
 Cause Fear               Hex            #.........   83%         4    #####..
 Bolt of Fire             Conj/Fire      #.........   100%        6    #######
 Dragon Form              Tmut           #.........   100%        7    #######
 Dragon's Call            Summ           #.........   100%        9    #######


Dungeon Overview and Level Annotations

Branches:
Dungeon (4/15)
 Temple: D:4-7

Altars:
Dithmenos
Gozag
Hepliaklqana
Okawaru
Qazlal

Annotations:
D:4 Duvessa


Innate Abilities, Weirdness & Mutations

Your experience applies equally to all skills.
You have very sharp teeth.
Your uncanny sense of smell can sniff out nearby items.


Message History

You hit the hound skeleton.
The hound skeleton is moderately damaged.
The hound skeleton bites you.
The hound skeleton completely misses you.
You take 1 damage, and have 34/51 hp.
You slash the hound skeleton!
The hound skeleton is heavily damaged.
The hound skeleton closely misses you.
You closely miss the hound skeleton. Your bite misses the hound skeleton.
The hound skeleton is heavily damaged.
The hound skeleton bites you but does no damage.
The hound skeleton misses you.
You hit the hound skeleton.
The hound skeleton is severely damaged.
The hound skeleton barely misses you.
You barely miss the hound skeleton. You bite the hound skeleton.
The hound skeleton is almost destroyed.
The hound skeleton misses you. The hound skeleton bites you.
You take 3 damage, and have 31/51 hp.
You slash the hound skeleton!
You destroy the hound skeleton!
Okawaru accepts your kill.
No target in view!
No target in view!
No target in view!
No target in view!
No target in view!
No target in view!
No target in view!
No target in view!
No target in view!
No target in view!
No target in view!
No target in view!
No target in view!
No target in view!
No target in view!
Key pressed, stopping explore.
Key pressed, stopping explore.
Duvessa, Sister of Dowan comes into view.
She is wielding a short sword of You regained 17 hp, and now have 48/51 hp.
Duvessa shouts!
You hear an angry hiss.
Dowan, Brother of Duvessa comes into view.
He is wielding a dagger of venom.
Duvessa drinks a potion.
Duvessa flickers and vanishes!
Deactivating autopickup; reactivate with Ctrl-A.
Something hits you!
You take 8 damage, and have 40/51 hp.
You gain the combat prowess of a mighty hero.
Something hits you but does no damage. Something barely misses you.
You now have 7/9 mp.
Unknown command.
Dowan shouts!
You slash something! You punch something. Something closely misses you.
You hit something. Something hits you.
You take 6 damage, and have 35/51 hp.
You hit something. You slash Dowan! Dowan hits you with a dagger of venom.
Something hits you!
* * * LOW HITPOINT WARNING * * *
You take 13 damage, and have 22/51 hp.
MASSIVE DAMAGE!!
You closely miss something. You punch something. You slash Dowan!
You are feeling very hungry.
Something hits you.
* * * LOW HITPOINT WARNING * * *
Dowan hits you with a dagger of venom.
* * * LOW HITPOINT WARNING * * *
You are poisoned.
You take 3 damage, and have 19/51 hp.
You feel much better.
You feel sick. Something hits you. Dowan hits you but does no damage.
You are more poisoned.
You regained 14 hp, and now have 33/51 hp.
Unknown command.
You hit something but do no damage. You hit Dowan.
You kill Dowan!
Okawaru accepts your kill.
Something shouts wrathfully, "No!"
You have reached level 7!
You feel sick. Something hits you!
* * * LOW HITPOINT WARNING * * *
Something barely misses you.
You take 8 damage, and have 25/56 hp.
Unknown command.
Unknown command.
You closely miss something.
You feel sick. Something misses you. Something hits you!
* * * LOW HITPOINT WARNING * * *
You take 13 damage, and have 12/56 hp.
MASSIVE DAMAGE!!
You hit something but do no damage.
* * * LOW HITPOINT WARNING * * *
You feel sick. Something barely misses you.
You take 2 damage, and have 10/56 hp.
You closely miss something.
* * * LOW HITPOINT WARNING * * *
You feel sick. Something barely misses you.
Something hits you but does no damage.
You take 1 damage, and have 9/56 hp.
You miss something.
* * * LOW HITPOINT WARNING * * *
You feel sick. Something hits you!
You die...

█.█. ███ ... ..█
██.███.█
█████....█.█
........<█.█
█████......█
█......█
█......█████████.
.........@{........
███....█..)...████
███████)██†.█
█(.█..█ ██.█..█
█.....█ █..██.█
█...█.█ █.█.█$█████


There were no monsters in sight!

Vanquished Creatures
  Sigmund (D:2)
  An ogre (D:4)
  Dowan (D:4)
  A hound (D:3)
  A hound skeleton (D:4)
  5 adders
  2 worms
  2 dart slugs (D:2)
  4 leopard geckos
  5 orcs (D:3)
  3 ball pythons
  2 giant cockroaches
  6 goblins
  13 hobgoblins
  3 jackals (D:4)
  3 quokkas
  4 frilled lizards
  7 kobolds
  4 rats
68 creatures vanquished.

Notes
Turn   | Place    | Note
-------+----------+-------------------------------------------
     0 | D:1      | Goblin1989 the Gnoll Gladiator began the quest for the Orb.
     0 | D:1      | Reached XP level 1. HP: 20/20 MP: 1/1
     0 | D:1      | Noticed a centaur
     0 | D:1      | Noticed a minotaur skeleton
    11 | D:1      | Noticed a naga
    11 | D:1      | Noticed a dwarf
    15 | D:1      | Noticed a vine stalker
    15 | D:1      | Noticed a troll
    17 | D:1      | Noticed a troll
   368 | D:1      | Reached XP level 2. HP: 23/26 MP: 2/2
   824 | D:2      | Found a hazy altar of Hepliaklqana.
   824 | D:2      | Found an iron altar of Okawaru.
   826 | D:2      | Found a shadowy altar of Dithmenos.
   834 | D:2      | Became a worshipper of Warmaster Okawaru
   841 | D:2      | Reached XP level 3. HP: 31/31 MP: 3/3
  1003 | D:2      | Reached skill level 1 in Invocations
  1261 | D:2      | Noticed Sigmund
  1271 | D:2      | Killed Sigmund
  1271 | D:2      | Reached * piety under Okawaru
  1271 | D:2      | Reached skill level 1 in Short Blades
  1271 | D:2      | Reached skill level 1 in Long Blades
  1271 | D:2      | Reached skill level 1 in Maces & Flails
  1271 | D:2      | Reached skill level 1 in Polearms
  1271 | D:2      | Reached skill level 1 in Staves
  1271 | D:2      | Reached skill level 1 in Slings
  1271 | D:2      | Reached skill level 1 in Bows
  1271 | D:2      | Reached skill level 1 in Crossbows
  1271 | D:2      | Reached skill level 1 in Armour
  1271 | D:2      | Reached skill level 1 in Stealth
  1271 | D:2      | Reached skill level 1 in Shields
  1271 | D:2      | Reached skill level 1 in Unarmed Combat
  1271 | D:2      | Reached skill level 1 in Spellcasting
  1271 | D:2      | Reached skill level 1 in Conjurations
  1271 | D:2      | Reached skill level 1 in Hexes
  1271 | D:2      | Reached skill level 1 in Charms
  1271 | D:2      | Reached skill level 1 in Summonings
  1271 | D:2      | Reached skill level 1 in Necromancy
  1271 | D:2      | Reached skill level 1 in Translocations
  1271 | D:2      | Reached skill level 1 in Transmutations
  1271 | D:2      | Reached skill level 1 in Fire Magic
  1271 | D:2      | Reached skill level 1 in Ice Magic
  1271 | D:2      | Reached skill level 1 in Air Magic
  1271 | D:2      | Reached skill level 1 in Earth Magic
  1271 | D:2      | Reached skill level 1 in Poison Magic
  1271 | D:2      | Reached skill level 1 in Evocations
  1271 | D:2      | Reached XP level 4. HP: 38/38 MP: 4/6
  1271 | D:2      | Reached XP level 5. HP: 43/43 MP: 4/7
  1654 | D:3      | Reached XP level 6. HP: 47/50 MP: 8/8
  2078 | D:3      | Found an opulent altar of Gozag.
  2291 | D:3      | Noticed an air elemental
  2443 | D:3      | Found a stormy altar of Qazlal.
  2444 | D:3      | Noticed a water elemental
  2444 | D:3      | Noticed a fire elemental
  2570 | D:4      | Reached skill level 5 in Fighting
  2570 | D:4      | Reached skill level 5 in Throwing
  2587 | D:4      | Reached ** piety under Okawaru
  2717 | D:4      | Noticed Duvessa
  2719 | D:4      | Noticed Dowan
  2728 | D:4      | Killed Dowan
  2728 | D:4      | Reached XP level 7. HP: 37/56 MP: 7/10
  2732 | D:4      | Mangled by Duvessa

Skill      XL: |  1  2  3  4  5  6 |
---------------+-------------------+-----
Invocations    | 1 2 |  2.4
Short Blades   | 1 2 |  2.2
Long Blades    | 1 2 |  2.2
Maces & Flails | 1 2 |  2.2
Polearms       | 1 2 |  2.2
Staves         | 1 2 |  2.2
Slings         | 1 2 |  2.2
Bows           | 1 2 |  2.2
Crossbows      | 1 2 |  2.2
Armour         | 1 2 |  2.2
Stealth        | 1 2 |  2.2
Shields        | 1 2 |  2.2
Unarmed Combat | 1 2 |  2.2
Spellcasting   | 1 2 |  2.2
Conjurations   | 1 |  1.7
Hexes          | 1 |  1.7
Charms         | 1 |  1.7
Summonings     | 1 |  1.7
Necromancy     | 1 |  1.7
Translocations | 1 |  1.7
Transmutations | 1 |  1.7
Fire Magic     | 1 |  1.7
Ice Magic      | 1 |  1.7
Air Magic      | 1 |  1.7
Earth Magic    | 1 |  1.7
Poison Magic   | 1 |  1.7
Evocations     | 1 2 |  2.2
Fighting       | 5 |  5.1
Throwing       | 5 |  5.1
Axes           | |  6.9
Dodging        | |  6.9

Action                   |  1- 3 |  4- 6 |  7- 9 || total
-------------------------+-------+-------+-------++-------
Melee: War axe           |    71 |   148 |     4 ||   223
       Bite              |     4 |    18 |       ||    22
       Punch             |       |     4 |       ||     4
Throw: Throwing net      |     2 |     1 |       ||     3
       Javelin           |       |     1 |       ||     1
Invok: Heroism           |       |     1 |       ||     1
  Use: Potion            |       |     1 |       ||     1
 Stab: Sleeping          |     1 |     1 |       ||     2
       Held in net/web   |       |     1 |       ||     1
  Eat: Chunk             |     1 |     4 |       ||     5
Armor: Leather armour    |     8 |    22 |     1 ||    31
Dodge: Dodged            |    56 |   113 |     4 ||   173

Vault maps used:
D:1:      shiori_arrival_whats_in_store_for_you, minmay_heptomino_l4
D:2:      gammafunk_temple_overflow_forgotten, uniq_sigmund
D:3:      nicolae_gozag_seed_capital, nicolae_qazlal_style_of_elements
D:4:      uniq_blork_the_orc, uniq_duvessa
